 Dungeon Crawl Stone Soup version 0.24-a0-582-g4d4af813a0 (webtiles) character file.

Game seed: 16623829698139964680

2475 Kavrick the Geomancer (level 9, -1/45 HPs)
             Began as a Gargoyle Earth Elementalist on Aug 26, 2019.
             Was a Follower of Sif Muna.
             Slain by Harold
             ... wielding a +0 war axe of chopping
              (4 damage)
             ... on level 8 of the Dungeon.
             The game lasted 00:17:56 (7242 turns).

Kavrick the Geomancer (Gargoyle Earth Elementalist) Turns: 7242, Time: 00:17:57

Health: -1/45      AC: 10    Str: 12    XL:     9   Next: 51%
Magic:  14/16      EV: 12    Int: 19    God:    Sif Muna [*.....]
Gold:   415        SH:  0    Dex: 10    Spells: 13/17 levels left

rFire    . . .     SeeInvis .   t - +4 dagger (drain)
rCold    . . .     Gourm    .   (no shield)
rNeg     + . .     Faith    .   c - +0 robe
rPois    ∞         Spirit   .   (no helmet)
rElec    +         Reflect  .   (no cloak)
rCorr    .         Harm     .   h - +0 pair of gloves
MR       .....                  e - +0 pair of boots
Stlth    ++........             (no amulet)
HPRegen  0.15/turn              (no ring)
MPRegen  0.15/turn              (no ring)

@: no status effects
A: negative energy resistance 1, electricity resistance, unbreathing,
petrification resistance, rot immunity, AC +6
a: Channel Magic, Renounce Religion


You were on level 8 of the Dungeon.
You worshipped Sif Muna.
Sif Muna was aware of your devotion.
You were not hungry.

You visited 2 branches of the dungeon, and saw 9 of its levels.

You collected 415 gold pieces.

Inventory:

Hand Weapons
 a - a +0 short sword
 t - a +4 dagger of draining (weapon)
Missiles
 b - 33 stones (quivered)
 w - 24 poisoned darts
Armour
 c - a +0 robe (worn)
 e - a +0 pair of boots (worn)
 h - a +0 pair of gloves (worn)
Jewellery
 g - an uncursed amulet of faith
 n - an uncursed ring of ice
Wands
 m - a wand of flame (15)
 o - a wand of polymorph (5)
 s - a wand of iceblast (1)
Scrolls
 i - 3 scrolls of teleportation {unknown}
 l - a scroll of blinking {unknown}
 p - a scroll of enchant weapon
 r - 2 scrolls of amnesia {unknown}
 v - 2 scrolls of identify
 y - a scroll of fear
Potions
 f - 3 potions of heal wounds
 j - 3 potions of haste
 k - 3 potions of brilliance
 q - a potion of mutation
 u - a potion of experience
 x - 2 potions of curing
 z - a potion of degeneration {unknown}
 A - 2 potions of resistance {unknown}
 C - a potion of invisibility {unknown}
Comestibles
 d - 6 rations
 B - 5 chunks of flesh


   Skills:
 - Level 1.5 Dodging
 - Level 2.1 Stealth
 + Level 4.7 Spellcasting
 + Level 6.8 Conjurations
   Level 0.7 Transmutations
 * Level 11.9 Earth Magic


You had 13 spell levels left.
You knew the following spells:

 Your Spells              Type           Power        Failure   Level  Hunger
a - Sandblast             Erth           #####.       1%          1    None
b - Stone Arrow           Conj/Erth      #####.       1%          3    ##.....

Your spell library contained the following spells:

 Spells                   Type           Power        Failure   Level  Hunger
 Passwall                 Tmut/Erth      ####....     1%          2    #......
 Lee's Rapid Deconstruct  Erth           #####.....   2%          5    ######.
 Petrify                  Tmut/Erth      ####....     10%         4    ####...


Dungeon Overview and Level Annotations

Branches:
Dungeon (8/15)             Temple (1/1) D:5
   Lair: D:8-11

Altars:
Ashenzari
Cheibriados
Dithmenos
Elyvilon
Hepliaklqana
Kikubaaqudgha
Makhleb
Nemelex Xobeh
Okawaru
Ru
Sif Muna
Uskayaw
Vehumet
Wu Jian
Yredelemnul
Zin
The Shining One

Shops:
D:6 %

Annotations:
D:8 Harold


Innate Abilities, Weirdness & Mutations

You are resistant to torment.
Your stone body is resilient. (AC +6)
You are immune to poison.
You resist negative energy. (rN+)
You are resistant to electric shocks. (rElec)
You can survive without breathing.
You are immune to petrification.
You are immune to rotting.


Message History

Casting: Sandblast (safe; 1% risk of failure)
Confirm with . or Enter, or press ? or * to list all spells.
Aiming: Sandblast (safe; 1% risk of failure)
Press: ? - help, Shift-Dir - straight line, f - Harold
Aim: Harold, wielding a +0 war axe of chopping and wearing a +0 scale mail The blast of sand hits Harold!!
Harold is moderately wounded.
b - 34 stones Harold hits you with a +0 war axe of chopping!
Casting: Sandblast (safe; 1% risk of failure)
Confirm with . or Enter, or press ? or * to list all spells.
Aiming: Sandblast (safe; 1% risk of failure)
Press: ? - help, Shift-Dir - straight line, f/p - Harold
Aim: Harold, wielding a +0 war axe of chopping and wearing a +0 scale mail (moderately wounded)
The blast of sand hits Harold.
Harold is heavily wounded.
b - 33 stones Harold hits you with a +0 war axe of chopping!
* * * LOW HITPOINT WARNING * * *
You die...

.# .# .# # .
.##.# ...
...
.....#####.#
.......<...#
......###@.#
##### #.@..#
#.#.##
...$.# ###
###


You could see Harold.

Vanquished Creatures
  Sigmund (D:2)
  2 orc warriors (D:7)
  An ice beast (D:7)
  2 ogres (D:7)
  2 phantoms
  2 centaurs (D:6)
  4 bullfrogs
  2 scorpions
  7 killer bees (D:7)
  A bullfrog zombie (D:5)
  3 crimson imps
  A hound (D:4)
  2 centaur skeletons
  Ijyb (D:3)
  An iguana (D:7)
  3 worker ants
  Natasha (thrice) (D:3)
  7 orc wizards
  A hound skeleton (D:6)
  7 adders
  2 shadow imps (D:6)
  An adder zombie (D:5)
  2 oozes (D:2)
  An adder skeleton (D:6)
  4 worms
  2 dart slugs
  19 orcs
  7 giant cockroaches
  15 goblins
  15 hobgoblins
  18 jackals
  11 kobolds
  5 quokkas
  A ball python (D:4)
  4 bats
  4 frilled lizards
  A jackal zombie (D:5)
  A leopard gecko zombie (D:5)
  2 quokka zombies
  9 rats
177 creatures vanquished.

Vanquished Creatures (others)
  A draconian (D:1)
  2 octopodes (D:1)
  A vine stalker (D:1)
  2 elves (D:1)
  A troll (D:1)
  A spriggan (D:1)
  A naga (D:1)
  2 dwarves (D:1)
  2 centaurs (D:1)
  An orc (D:1)
  A kobold (D:1)
  6 tentacles (D:1)
21 creatures vanquished.

Grand Total: 198 creatures vanquished

Notes
Turn   | Place    | Note
-------+----------+-------------------------------------------
     0 | D:1      | Kavrick the Gargoyle Earth Elementalist began the quest for
                  | the Orb.
     0 | D:1      | Reached XP level 1. HP: 10/10 MP: 3/3
     2 | D:1      | Noticed an elf
     2 | D:1      | Noticed an octopode
     2 | D:1      | Noticed a spriggan
     2 | D:1      | Noticed a draconian
     2 | D:1      | Noticed an octopode
     2 | D:1      | Noticed an elf
     2 | D:1      | Noticed a kraken
     2 | D:1      | Noticed a troll
     2 | D:1      | Noticed a naga
     2 | D:1      | Noticed a vine stalker
     2 | D:1      | Noticed a centaur
     2 | D:1      | Noticed a dwarf
     2 | D:1      | Noticed a dwarf
     2 | D:1      | Noticed a centaur
     5 | D:1      | Killed an octopode
     5 | D:1      | Killed a spriggan
     6 | D:1      | Killed a draconian
     8 | D:1      | Killed a dwarf
     9 | D:1      | Killed an elf
    10 | D:1      | Killed an octopode
    11 | D:1      | Killed a vine stalker
    12 | D:1      | Killed a dwarf
    12 | D:1      | Killed a troll
    12 | D:1      | Killed a centaur
    12 | D:1      | Killed a centaur
    13 | D:1      | Killed an elf
    14 | D:1      | Killed a naga
   104 | D:1      | Reached skill level 4 in Earth Magic
   143 | D:1      | Reached XP level 2. HP: 15/15 MP: 5/5
   665 | D:1      | Reached XP level 3. HP: 19/19 MP: 4/6
  1260 | D:2      | Found a faded altar of an unknown god.
  1356 | D:2      | Reached skill level 5 in Earth Magic
  1374 | D:2      | Noticed Sigmund
  1541 | D:2      | Reached XP level 4. HP: 20/24 MP: 4/8
  1765 | D:2      | Learned a level 3 spell: Stone Arrow
  2029 | D:2      | Reached XP level 5. HP: 28/28 MP: 7/9
  2121 | D:2      | Reached skill level 1 in Conjurations
  2121 | D:2      | Reached skill level 6 in Earth Magic
  2173 | D:2      | Killed Sigmund
  2173 | D:2      | Reached skill level 7 in Earth Magic
  2173 | D:2      | Reached XP level 6. HP: 28/32 MP: 4/10
  2293 | D:3      | Noticed Ijyb
  2327 | D:3      | Killed Ijyb
  2492 | D:3      | Found an ancient bone altar of Kikubaaqudgha.
  2497 | D:3      | Noticed Natasha
  2518 | D:3      | Killed Natasha
  2759 | D:3      | Noticed Natasha
  2763 | D:3      | Killed Natasha
  2875 | D:3      | Noticed Natasha
  2948 | D:3      | Killed Natasha
  3286 | D:4      | Reached XP level 7. HP: 36/36 MP: 7/11
  3505 | D:4      | Reached skill level 8 in Earth Magic
  4410 | D:5      | Entered Level 5 of the Dungeon
  4545 | D:5      | Found a staircase to the Ecumenical Temple.
  4550 | D:5      | Reached skill level 9 in Earth Magic
  4567 | Temple   | Entered the Ecumenical Temple
  4633 | Temple   | Became a worshipper of Sif Muna the Loreminder
  4858 | D:5      | Found a snail-covered altar of Cheibriados.
  4869 | D:5      | Reached XP level 8. HP: 41/41 MP: 7/12
  5366 | D:6      | Reached skill level 5 in Conjurations
  5366 | D:6      | Reached skill level 10 in Earth Magic
  5542 | D:6      | Found Vaef's Food Boutique.
  6351 | D:7      | Reached * piety under Sif Muna
  6517 | D:7      | Found a sparkling altar of Nemelex Xobeh.
  6601 | D:7      | Reached skill level 11 in Earth Magic
  6601 | D:7      | Reached XP level 9. HP: 45/45 MP: 9/14
  7235 | D:8      | Noticed Harold
  7242 | D:8      | Slain by Harold

Levels and vault maps discovered:
D:1:      nicolae_arrival_kraken_aquarium_b, layout_basic, minivault_5
D:2:      layout_basic, first_ration, chequers_ecumenical_altar_island,
          minmay_misc_feat_rows, kennysheep_generic_room_8, uniq_sigmund
D:3:      layout_loops_ring, lemuel_doored_altar, uniq_natasha, uniq_ijyb
D:4:      layout_cave_pods, serial_park_tiny_pond, minmay_goblin_outpost
D:5:      layout_basic, minmay_temple_entry_ruins, chequers_arboretum,
          kennysheep_slug_shrine
D:6:      layout_loops_corners, serial_shops, shop, minivault_22
D:7:      layout_rooms, nemelex_xobeh_ov_fountains_minmay
D:8:      layout_loops_cross, xom_teletrap_fun, trog_ov_bears_minmay,
          grunt_temple_overflow_forces_of_nature, uniq_erica, uniq_harold
Temple:   regret_index_temple_waves

Skill      XL: |  1  2  3  4  5  6  7  8  9 |
---------------+----------------------------+-----
Earth Magic    | 4 5 7 9 11 | 11.9
Spellcasting   | 3 4 |  4.7
Conjurations   | 2 3 4 6 |  6.8
Dodging        | |  1.5
Stealth        | |  2.1
Transmutations | |  0.7

Action                   |  1- 3 |  4- 6 |  7- 9 || total
-------------------------+-------+-------+-------++-------
Melee: Short sword       |    52 |    13 |     2 ||    67
       Dagger            |       |       |   110 ||   110
 Cast: Sandblast         |    43 |    63 |   126 ||   232
       Stone Arrow       |       |     3 |    17 ||    20
  Use: Scroll            |       |       |     8 ||     8
 Stab: Sleeping          |     1 |       |     1 ||     2
  Eat: Chunk             |     2 |     5 |     8 ||    15
       Ration            |       |       |     2 ||     2
Armor: Robe              |    24 |    12 |    70 ||   106
       Skin              |       |    10 |       ||    10
Dodge: Dodged            |    43 |    36 |   119 ||   198

Table legend:
 A = Non-vault XP
 B = Vault XP
 C = Vault XP percentage of total XP
 D = Non-vault monster count
 E = Vault monster count
 F = Vault count percentage of total count
                 A         B        C        D         E       F
            +---------+---------+-------+---------+---------+-------
      Total |    3216 |     320 |   9.0 |     162 |      15 |   8.5
            +---------+---------+-------+---------+---------+-------
        D:1 |      49 |       0 |   0.0 |      29 |       0 |   0.0
        D:2 |     138 |     227 |  62.2 |      29 |       3 |   9.4
        D:3 |     108 |      71 |  39.7 |      16 |       2 |  11.1
        D:4 |     316 |      18 |   5.4 |      20 |       9 |  31.0
        D:5 |     291 |       4 |   1.4 |       8 |       1 |  11.1
        D:6 |     732 |       0 |   0.0 |      23 |       0 |   0.0
        D:7 |    1582 |       0 |   0.0 |      37 |       0 |   0.0
            +---------+---------+-------+---------+---------+-------
